 Dungeon Crawl Stone Soup version 0.24-a0-355-gbe4061de67 (webtiles) character file.

Game seed: 16147671112705065012

442623 Maize the Axe Maniac (level 23, -10/236 HPs)
             Began as a Minotaur Berserker on May 24, 2019.
             Was the Champion of Trog.
             Shot with a bolt by a yaktaur captain (22 damage)
             ... on level 5 of the Vaults.
             The game lasted 01:49:58 (46964 turns).

Maize the Axe Maniac (Minotaur Berserker)          Turns: 46964, Time: 01:49:58

Health: -10/236    AC: 32    Str: 39    XL:     23   Next: 5%
Magic:  29/29      EV: 32    Int:  4    God:    Trog [******]
Gold:   3206       SH:  0    Dex: 12    Spells: 22/22 levels left

rFire    . . .     SeeInvis +   X - +10 executioner's axe "Otreeschaf" {speed, Str+4 SInv}
rCold    . . .     Gourm    .   (shield currently unavailable)
rNeg     . . .     Faith    .   O - +5 chain mail "Egurriut" {rElec Slay+3}
rPois    +         Spirit   .   (helmet restricted)
rElec    +         Reflect  .   T - +0 cloak {rPois}
rCorr    .         Harm     .   e - +2 pair of gloves {Str+3}
MR       +....                  u - +1 pair of boots {run}
Stlth    ..........             H - amulet of the acrobat
HPRegen  0.49/turn              y - +6 ring of evasion
MPRegen  0.21/turn              (no ring)

@: about to teleport, acrobat, lightly drained, quick
A: retaliatory headbutt, horns 2, yellow scales 1, strong 1
}: 2/15 runes: serpentine, barnacled
a: Berserk, Trog's Hand, Brothers in Arms, Renounce Religion


You were on level 5 of the Vaults.
You worshipped Trog.
Trog was exalted by your worship.
You were not hungry.

You visited 8 branches of the dungeon, and saw 40 of its levels.
You visited the Abyss 2 times.
You also visited: Ossuary, Bailey, Ice Cave and Wizlab.

You collected 5306 gold pieces.
You spent 2100 gold pieces at shops.

Inventory:

Hand Weapons
 X - the +10 executioner's axe "Otreeschaf" (weapon) {speed, Str+4 SInv}
   (Trog gifted it to you on level 15 of the Dungeon)

   Attacks with this weapon are significantly faster.
   It affects your strength (+4).
   It lets you see invisible.
 Y - the +10 executioner's axe "Kurucvoch" {chop, rN+}
   (Trog gifted it to you on level 3 of the Lair of Beasts)

   It inflicts extra damage upon your enemies.
   It protects you from negative energy.
Missiles
 A - 18 atropa-tipped darts (quivered)
Armour
 e - a +2 pair of gloves of strength (worn)
 u - a +1 pair of boots of running (worn)
 O - the +5 chain mail "Egurriut" (worn) {rElec Slay+3}
   (You found it in an ice cave)

   It affects your accuracy and damage with ranged weapons and melee attacks
   (+3).
   It insulates you from electricity.
 T - a +0 cloak of poison resistance (worn)
Jewellery
 a - the ring "Tycud" {rF+ rC- AC+3 Int+4}
   (You took it off a deep elf elementalist on level 3 of the Elven Halls)

   [ring of protection]

   It affects your AC (+3).
   It affects your intelligence (+4).
   It protects you from fire.
   It makes you vulnerable to cold.
 w - an uncursed ring of protection from cold
 y - a +6 ring of evasion (left hand)
 E - an uncursed ring of protection from fire
 F - the ring of the Queen {Wiz MP+9 Int+3 Dex+2 Slay+3}
   (You took it off a deep elf sorcerer on level 3 of the Elven Halls)

   [ring of wizardry]

   It improves your spell success rate.
   It affects your intelligence (+3).
   It affects your dexterity (+2).
   It affects your accuracy and damage with ranged weapons and melee attacks
   (+3).
   It affects your magic capacity (+9).
 H - an amulet of the acrobat (around neck)
 Q - an uncursed ring of resist corrosion
Wands
 f - a wand of digging (9)
 q - a wand of random effects (67)
 I - a wand of acid (26)
 K - a wand of flame (67)
 L - a wand of iceblast (46)
 M - a wand of paralysis (35)
 S - a wand of disintegration (14)
 V - a wand of polymorph (5)
Scrolls
 b - 16 scrolls of teleportation
 g - 10 scrolls of fear
 i - 8 scrolls of enchant armour
 j - 2 scrolls of holy word
 m - 2 scrolls of brand weapon
 n - 9 scrolls of remove curse
 o - 5 scrolls of magic mapping
 r - 2 scrolls of fog
 C - a scroll of silence
 D - 3 scrolls of blinking
 G - 10 scrolls of enchant weapon
 J - 2 scrolls of torment
 R - 15 scrolls of identify
 W - 3 scrolls of summoning
Potions
 d - 4 potions of berserk rage
 h - 5 potions of agility
 k - 8 potions of brilliance
 l - 5 potions of might
 p - 11 potions of flight
 s - 10 potions of heal wounds
 t - 2 potions of resistance
 v - 5 potions of haste
 z - 5 potions of mutation
 B - 18 potions of curing
 N - 2 potions of cancellation
 P - a potion of magic
 U - 3 potions of ambrosia
 Z - 3 potions of invisibility
Miscellaneous
 x - a lamp of fire
Comestibles
 c - 53 rations


   Skills:
 * Level 25.9(25.1) Fighting
 O Level 27(26.1) Axes
 + Level 23.5(22.8) Armour
 - Level 2.1(1.7) Dodging
 + Level 10.1(9.5) Evocations


You had 22 spell levels left.
You didn't know any spells.
Your spell library was empty.

Dungeon Overview and Level Annotations

Branches:
Dungeon (15/15)            Temple (1/1) D:4            Lair (6/6) D:9
 Shoals (4/4) Lair:4        Snake (4/4) Lair:3        Slime (0/5) Lair:5
    Orc (2/2) D:10            Elf (3/3) Orc:2        Vaults (5/5) D:13
  Crypt (0/3) Vaults:3     Depths (0/5) D:15

Altars:
Ashenzari
Fedhas
Kikubaaqudgha
Makhleb
Nemelex Xobeh
Ru
Sif Muna
Trog
Jiyva

Shops:
D:7 [   D:14 *   Orc:2 [=[*(   Snake:1 %!   Snake:4 %?*(   Vaults:2 !(:[%
Vaults:3 :

Annotations:
Lair:5 2 transporters, Leuh's ghost, journeyman GnEE
Snake:3 2 transporters, Dragon00's ghost, journeyman MiBe
Elf:2 5 runed translucent doors


Innate Abilities, Weirdness & Mutations

You reflexively headbutt those who attack you in melee.
You have a pair of horns on your head.
You are partially covered in yellow scales. (AC +2)
Your muscles are strong. (Str +2)


Message History

Your iron troll claws the yaktaur but does no damage.
The yaktaur captain wields a +0 arbalest.
The yaktaur captain shoots a bolt.
The bolt hits you!!
* * * LOW HITPOINT WARNING * * *
The tengu reaver points at you and mumbles some strange words.
The bolt of lightning hits your iron troll!!!
The bolt of lightning hits you! You resist.
* * * LOW HITPOINT WARNING * * *
The battlesphere fires!
The barrage of energy hits you but does no damage.
Your iron troll bites the tengu reaver!
Your iron troll completely misses the tengu reaver.
Your iron troll claws the tengu reaver.
You see here 48 gold pieces.
The yaktaur shoots a bolt.
The bolt hits you!
* * * LOW HITPOINT WARNING * * *
The tengu reaver hits your iron troll with a +3 war axe of chopping!
The tengu reaver pecks your iron troll. The tengu reaver claws your iron troll.
The yaktaur captain shoots a bolt.
The bolt hits you!!
You die...

# .#
#####..#
#((.$..#
#(@....#
#$..####
##..#
#*....
cc....#
..T.###
.##.Q# .
... .
....


You could see a tengu reaver, a yaktaur captain, a yaktaur, a battlesphere and a
friendly iron troll (berserk).

Vanquished Creatures
  Bai Suzhen (Vaults:2)
  A bone dragon (Abyss:2)
  A tentacled monstrosity (Vaults:5)
  A lich (Vaults:1)
  Asterion (Snake:1)
  2 deep elf master archers (Elf:3)
  A titan (Vaults:5)
  3 sphinxes
  Frances (D:14)
  Kirke (D:14)
  3 shadow dragons
  3 tengu reavers
  Roxanne (Snake:4)
  Donald (Shoals:2)
  7 nagarajas
  3 fire giants
  Ilsuiw (Shoals:2)
  2 frost giants
  Aizul (Snake:1)
  10 vault wardens
  9 deep elf sorcerers
  An iron dragon (Vaults:5)
  An orc warlord (Orc:2)
  An emperor scorpion (D:15)
  3 deep elf elementalists (Elf:3)
  An angel (Abyss:2)
  A balrug (Abyss:2)
  11 ironheart preservers
  The ghost of Veteran the Blocker, a journeyman GrFi of Okawaru (Shoals:3)
  2 war gargoyles
  An entropy weaver (shapeshifter) (Vaults:4)
  2 very ugly things
  An entropy weaver (Vaults:4)
  9 stone giants
  6 deep elf demonologists
  12 deep elf annihilators
  A dire elephant (D:15)
  4 ettins
  6 deep elf death magi
  3 merfolk javelineers
  4 crystal guardians (Elf:3)
  6 deep elf high priests
  6 merfolk impalers
  Josephine (D:14)
  2 fire dragons
  7 hydras
  Harold (Orc:1)
  9 yaktaur captains
  A great orb of eyes (Vaults:4)
  3 ice dragons
  38 vault guards
  15 naga warriors
  Erolcha (D:9)
  6 rakshasas
  9 anacondas
  4 merfolk avatars
  6 satyrs
  4 merfolk aquamancers
  8 centaur warriors
  39 two-headed ogres
  Erica (Lair:2)
  An alligator snapping turtle (Shoals:4)
  11 ogre magi
  4 orc high priests (Orc:2)
  A death yak (IceCv)
  2 deep troll shamans (Vaults:3)
  11 dancing weapons
  A thrashing horror (Abyss:2)
  Nergalle (Orc:1)
  6 shock serpents
  A sun demon (Abyss:2)
  22 deep elf knights
  21 naga sharpshooters
  4 shadow wraiths
  2 wretched stars (Abyss:2)
  14 skeletal warriors
  7 hell knights
  20 sea snakes
  4 salamander mystics
  2 flayed ghosts
  2 unseen horrors
  9 deep trolls
  A glowing orange brain (Vaults:2)
  7 naga ritualists (Snake:4)
  A lindwurm (Lair:6)
  Pikel (D:5)
  12 ironbrand convokers
  A wolf spider zombie (D:14)
  69 deep elf magi
  2 phantasmal warriors
  25 harpies
  3 wizards
  24 deep elf archers
  8 mana vipers
  An orb spider (Abyss:2)
  3 wolf spiders
  A necromancer (Vaults:4)
  20 orc knights
  44 ugly things
  7 orc sorcerers
  17 fauns
  A shadow dragon skeleton (Vaults:3)
  A faun (shapeshifter) (Vaults:1)
  9 cyclopes
  11 manticores
  16 salamanders
  An ice statue (IceCv)
  9 elephants
  A guardian serpent (shapeshifter) (D:14)
  30 black mambas
  15 vault sentinels
  A frost giant skeleton (Vaults:3)
  10 guardian serpents
  13 naga magi
  Maurice (D:9)
  12 merfolk sirens
  3 molten gargoyles (Lair:6)
  A spiny frog (shapeshifter) (Vaults:1)
  A titan simulacrum (Abyss:2)
  10 spiny frogs
  A gargoyle (D:11)
  Psyche (D:9)
  5 water nymphs
  13 komodo dragons
  A rime drake (Lair:6)
  2 freezing wraiths
  21 yaktaurs
  A hellwing (Elf:3)
  A yaktaur skeleton (Vaults:3)
  A human zombie (Vaults:4)
  2 tengu conjurers (D:13)
  A meliai (shapeshifter) (Abyss:2)
  34 merfolk
  2 ancient zymes (Abyss:2)
  A queen bee (Lair:3)
  2 red devils (Abyss:2)
  A merfolk (shapeshifter) (Vaults:5)
  A meliai (D:14)
  24 slime creatures
  2 trolls (shapeshifter) (Vaults:1)
  4 hornets
  15 trolls
  4 wind drakes
  14 polar bears (IceCv)
  Prince Ribbit (D:8)
  2 ettin zombies (Vaults:4)
  A hornet (shapeshifter) (Vaults:4)
  15 blink frogs
  12 dream sheep
  Grinder (D:3)
  7 snapping turtles
  A stone giant simulacrum (Vaults:1)
  A wind drake (shapeshifter) (D:14)
  6 hippogriffs
  3 flying skulls (Abyss:2)
  3 small abominations (Abyss:2)
  5 starcursed masses (Abyss:2)
  4 air elementals
  3 shadows
  A centaur simulacrum (D:14)
  2 redbacks (Vaults:4)
  7 wraiths
  16 water elementals
  2 ettin skeletons (Vaults:3)
  3 vampires
  A yak (shapeshifter) (D:14)
  Eustachio (D:5)
  6 hogs (D:14)
  54 yaks
  5 wyverns
  A human (shapeshifter) (Vaults:3)
  A golden eye (shapeshifter) (Vaults:4)
  5 hungry ghosts
  2 fire elementals (Elf:2)
  6 basilisks
  12 vampire mosquitoes
  7 wargs
  2 soldier ants (D:9)
  6 large abominations (Abyss:2)
  60 nagas
  10 water moccasins
  Edmund (D:6)
  An acid dragon (D:11)
  4 porcupines
  3 hell hounds (Lair:6)
  49 orc warriors
  A deep troll skeleton (Vaults:3)
  5 ice beasts
  7 sky beasts
  A slave (D:5)
  A black bear (Lair:3)
  4 phantoms
  2 eyes of draining (D:14)
  An ettin simulacrum (Vaults:1)
  23 ogres
  18 boggarts
  20 wolves
  15 centaurs
  8 crocodiles
  4 human skeletons
  2 big kobolds
  2 wyvern zombies
  A bullfrog (shapeshifter) (Vaults:5)
  10 bullfrogs
  8 gnoll sergeants (Bailey)
  4 earth elementals
  A wyvern skeleton (D:14)
  3 scorpions
  A water moccasin skeleton (D:11)
  27 killer bees
  A wight (D:14)
  3 electric eels
  3 howler monkeys
  5 lava snakes (Lair:6)
  8 crimson imps
  2 quasits
  4 bullfrog zombies
  9 centaur zombies
  2 jellies
  10 hounds
  6 centaur skeletons
  22 orc priests
  6 gnoll shamans (Bailey)
  Terence (D:2)
  3 iguanas
  21 orc wizards
  18 worker ants
  3 killer bee zombies (Ossuary)
  13 mummies
  3 worker ant zombies (Ossuary)
  18 adders
  18 gnolls
  8 shadow imps
  2 oozes (D:2)
  5 adder zombies (Ossuary)
  2 adder skeletons
  2 worms
  9 leopard geckos
  123 orcs
  A giant cockroach (shapeshifter) (Vaults:4)
  7 giant cockroaches
  2 goblins (D:3)
  9 hobgoblins
  20 jackals
  2 quokkas
  9 bats
  5 frilled lizards
  A goblin zombie (D:7)
  15 kobolds
  A leopard gecko zombie (Ossuary)
  An orc zombie (D:7)
  3 quokka zombies (Ossuary)
  8 rats
  2 fungi
  A lurking horror (Abyss:2)
  30 plants
  A tentacle (Shoals:2)
1935 creatures vanquished.

Vanquished Creatures (collateral kills)
  A tentacled monstrosity (Vaults:4)
  A nagaraja (Snake:4)
  An iron dragon (Vaults:5)
  A frost giant (Vaults:4)
  A vault warden (Vaults:4)
  2 ironheart preservers (Vaults:4)
  An ettin (Vaults:4)
  An ogre mage (Vaults:4)
  A satyr (Shoals:4)
  An orc knight (Orc:2)
  A mana viper (Snake:4)
  An orc sorcerer (Vaults:4)
  4 ogres (Vaults:4)
  An orc (Vaults:4)
18 creatures vanquished.

Vanquished Creatures (others)
  Nikola (Vaults:1)
  A fire giant (Vaults:5)
  A naga ritualist (Snake:4)
  A deep elf mage (Elf:3)
  An ogre (Vaults:4)
  A slave (D:5)
  A wolf (IceCv)
  A crimson imp (D:5)
  An orc priest (Orc:2)
  2 orcs (D:5)
  2 fungi
  50 plants
  5 tentacles (Shoals:2)
  A withered plant (Ossuary)
69 creatures vanquished.

Grand Total: 2022 creatures vanquished

Notes
Turn   | Place    | Note
-------+----------+-------------------------------------------
     0 | D:1      | Maize the Minotaur Berserker began the quest for the Orb.
     0 | D:1      | Reached XP level 1. HP: 19/19 MP: 0/0
   120 | D:1      | Reached skill level 4 in Axes
   123 | D:1      | Reached XP level 2. HP: 19/27 MP: 1/1
   278 | D:1      | Reached XP level 3. HP: 33/33 MP: 2/2
   293 | D:1      | Reached ** piety under Trog
   641 | D:2      | Reached skill level 5 in Axes
   641 | D:2      | Reached XP level 4. HP: 41/41 MP: 3/3
   804 | D:2      | Reached XP level 5. HP: 42/47 MP: 4/4
   963 | D:2      | Noticed Terence
   974 | D:2      | Killed Terence
  1352 | D:3      | Reached *** piety under Trog
  1352 | D:3      | Reached skill level 6 in Axes
  1408 | D:3      | Reached skill level 5 in Fighting
  1505 | D:3      | Noticed Grinder
  1515 | D:3      | Killed Grinder
  1515 | D:3      | Reached XP level 6. HP: 45/56 MP: 5/5
  1632 | D:3      | Reached skill level 7 in Axes
  1945 | D:4      | Found a staircase to the Ecumenical Temple.
  1967 | D:4      | Reached skill level 5 in Armour
  1967 | D:4      | Reached XP level 7. HP: 62/62 MP: 6/6
  1978 | D:4      | Reached **** piety under Trog
  2204 | D:4      | Reached skill level 8 in Axes
  2251 | Temple   | Entered the Ecumenical Temple
  2541 | D:4      | Received a gift from Trog
  2574 | D:4      | You fall into a shaft and drop 1 floor!
  2574 | D:5      | Entered Level 5 of the Dungeon
  2592 | D:4      | Reached XP level 8. HP: 71/71 MP: 7/7
  2990 | D:5      | Noticed Eustachio
  2999 | D:5      | Killed Eustachio
  2999 | D:5      | Reached skill level 9 in Axes
  3116 | D:5      | Noticed Pikel
  3126 | D:5      | Killed Pikel
  3126 | D:5      | Reached skill level 10 in Axes
  3586 | D:5      | Found a deep blue altar of Sif Muna.
  3660 | D:5      | Reached ***** piety under Trog
  3833 | D:6      | Reached XP level 9. HP: 75/81 MP: 8/8
  3897 | D:6      | Noticed Edmund
  3911 | D:6      | Killed Edmund
  4010 | D:6      | Received a gift from Trog
  4018 | D:6      | Reached skill level 11 in Axes
  4275 | D:6      | Found an ancient bone altar of Kikubaaqudgha.
  4276 | D:6      | Found a shattered altar of Ashenzari.
  4492 | D:7      | Found Uwyczoz's Armour Shop.
  4565 | D:7      | Found a sand-covered staircase.
  4571 | Ossuary  | Entered an ossuary
  4694 | Ossuary  | Received a gift from Trog
  5006 | D:7      | Found a sacrificial altar of Ru.
  5017 | D:7      | Reached skill level 12 in Axes
  5129 | D:7      | Found a sparkling altar of Nemelex Xobeh.
  5412 | D:8      | Found a flagged portal.
  5424 | Bailey   | Entered a bailey
  5546 | Bailey   | Reached XP level 10. HP: 91/91 MP: 9/9
  6156 | D:8      | Received a gift from Trog
  6195 | D:8      | Noticed Prince Ribbit
  6213 | D:8      | Killed Prince Ribbit
  6498 | D:9      | Reached skill level 13 in Axes
  6515 | D:9      | Noticed Psyche
  6549 | D:9      | Reached skill level 10 in Fighting
  6646 | D:9      | Noticed a two-headed ogre
  6657 | D:9      | Killed a two-headed ogre
  6725 | D:9      | Found a staircase to the Lair.
  6749 | D:9      | Noticed Maurice
  6761 | D:9      | Killed Maurice
  6761 | D:9      | Reached skill level 10 in Armour
  7172 | D:9      | Noticed Erolcha
  7192 | D:9      | Reached ****** piety under Trog
  7192 | D:9      | Reached skill level 14 in Axes
  7203 | D:9      | Killed Erolcha
  7203 | D:9      | Reached XP level 11. HP: 67/101 MP: 10/10
  7449 | D:9      | Received a gift from Trog
  7633 | D:10     | Entered Level 10 of the Dungeon
  7669 | D:10     | Killed an unseen horror
  7698 | D:10     | Found a staircase to the Orcish Mines.
  8104 | D:10     | Reached skill level 15 in Axes
  8332 | D:9      | Cast into level 2 of the Abyss (Psyche)
  8347 | D:9      | Escaped the Abyss
  8350 | D:9      | Killed Psyche
  8380 | Lair:1   | Entered Level 1 of the Lair of Beasts
  9002 | Lair:2   | Noticed Erica
  9017 | Lair:2   | Killed Erica
  9122 | Lair:2   | Found a frozen archway.
  9131 | IceCv    | Entered an ice cave
  9154 | IceCv    | Received a gift from Trog
  9154 | IceCv    | Reached XP level 12. HP: 97/112 MP: 11/11
  9158 | IceCv    | Reached skill level 16 in Axes
  9545 | IceCv    | Got a distressingly furry chain mail
  9556 | IceCv    | Identified the +5 chain mail "Egurriut" {rElec Slay+3} (You
                  | found it in an ice cave)
  9947 | IceCv    | Noticed a frost giant
  9947 | IceCv    | Noticed a death yak
  9966 | IceCv    | Killed a death yak
  9971 | IceCv    | Killed a frost giant
  9971 | IceCv    | Reached skill level 17 in Axes
 10873 | Lair:3   | Received a gift from Trog
 11017 | Lair:3   | Reached XP level 13. HP: 109/122 MP: 12/12
 11036 | Lair:3   | You fall into a shaft and drop 2 floors!
 11143 | Lair:5   | Noticed Leuh's ghost (journeyman GnEE)
 11175 | Lair:5   | Found a transporter.
 11178 | Lair:5   | Found a transporter.
 11368 | Lair:4   | Found a staircase to the Shoals.
 11467 | Lair:4   | Reached skill level 18 in Axes
 12189 | Lair:3   | Found a staircase to the Snake Pit.
 12652 | Lair:3   | Received a gift from Trog
 13306 | Lair:3   | Got an ancient executioner's axe {god gift}
 13307 | Lair:3   | Identified the +10 executioner's axe "Kurucvoch" {chop,
                  | rN+} (Trog gifted it to you on level 3 of the Lair of
                  | Beasts)
 13404 | Lair:5   | Found a staircase to the Slime Pits.
 13404 | Lair:5   | Found a viscous altar of Jiyva.
 13784 | Lair:6   | Entered Level 6 of the Lair of Beasts
 14138 | Lair:6   | Reached skill level 19 in Axes
 14396 | Lair:6   | Found a large runed translucent door.
 14396 | Lair:6   | Found a large runed translucent door.
 14416 | Lair:6   | Noticed a fire dragon
 14508 | Lair:6   | Received a gift from Trog
 14804 | Lair:6   | Reached XP level 14. HP: 106/133 MP: 13/13
 15255 | Lair:6   | Identified the Almanac of Quantum Leap
 16533 | D:11     | Noticed a sphinx
 16534 | D:11     | Paralysed by a sphinx for 6 turns
 16544 | D:11     | Killed a sphinx
 16544 | D:11     | Reached skill level 15 in Fighting
 16606 | D:11     | Noticed a fire giant
 16611 | D:11     | Killed a fire giant
 16775 | D:12     | Reached skill level 20 in Axes
 16837 | D:12     | Received a gift from Trog
 17313 | D:12     | Reached skill level 15 in Armour
 18299 | D:13     | Found a gate to the Vaults.
 18299 | D:13     | Noticed an ironheart preserver
 18307 | D:13     | Killed an ironheart preserver
 18567 | D:14     | Received a gift from Trog
 18731 | D:14     | Noticed Frances
 18738 | D:14     | Killed Frances
 18958 | D:14     | Found Toettupa's General Store.
 18962 | D:14     | Bought a potion of curing for 48 gold pieces
 18997 | D:14     | Noticed Kirke
 19006 | D:14     | Killed Kirke
 19006 | D:14     | Reached XP level 15. HP: 139/143 MP: 14/14
 19333 | D:14     | Found a blossoming altar of Fedhas.
 19506 | D:14     | Noticed Josephine
 19516 | D:14     | Killed Josephine
 19516 | D:14     | Reached skill level 21 in Axes
 19551 | D:15     | Entered Level 15 of the Dungeon
 19560 | D:15     | Found a sparkling altar of Nemelex Xobeh.
 19562 | D:15     | Noticed a tengu reaver
 19571 | D:15     | Noticed a fire giant
 19573 | D:15     | Killed a tengu reaver
 19963 | D:15     | Received a gift from Trog
 20013 | D:15     | Found a staircase to the Depths.
 20375 | D:15     | Killed a fire giant
 21064 | Orc:1    | Entered Level 1 of the Orcish Mines
 21071 | Orc:1    | Noticed Nergalle
 21078 | Orc:1    | Killed Nergalle
 21141 | Orc:1    | Noticed Harold
 21162 | Orc:1    | Killed Harold
 21555 | D:15     | Got a shimmering executioner's axe {god gift}
 21556 | D:15     | Identified the +10 executioner's axe "Otreeschaf" {speed,
                  | Str+4 SInv} (Trog gifted it to you on level 15 of the
                  | Dungeon)
 21786 | Orc:2    | Entered Level 2 of the Orcish Mines
 21791 | Orc:2    | Received a gift from Trog
 21877 | Orc:2    | Reached skill level 22 in Axes
 22220 | Orc:2    | Received a gift from Trog
 22593 | Orc:2    | Found a staircase to the Elven Halls.
 22614 | Orc:2    | Found Zuijah's Antique Weapon Shop.
 22624 | Orc:2    | Noticed an orc warlord
 22632 | Orc:2    | Killed an orc warlord
 22743 | Orc:2    | Reached XP level 16. HP: 154/154 MP: 15/15
 22750 | Orc:2    | Found Xacualo's Antique Armour Emporium.
 22750 | Orc:2    | Found Ydearr's Assorted Antiques.
 22757 | Orc:2    | Found Guwk's Jewellery Shop.
 22757 | Orc:2    | Found Zuwnamum's Armour Emporium.
 22771 | Orc:2    | Bought the macabre finger necklace {rN+} for 480 gold
                  | pieces
 22771 | Orc:2    | Found the macabre finger necklace {rN+}
 22790 | Orc:2    | Bought an uncursed amulet of the acrobat for 360 gold
                  | pieces
 23125 | Snake:1  | Entered Level 1 of the Snake Pit
 23125 | Snake:1  | Noticed Aizul
 23139 | Snake:1  | Killed Aizul
 23220 | Snake:1  | Received a gift from Trog
 23224 | Snake:1  | Noticed Asterion
 23239 | Snake:1  | Killed Asterion
 23368 | Snake:1  | Found Hatag's Food Shoppe.
 23562 | Snake:1  | Found Itiuh's Distillery.
 23565 | Snake:1  | Bought 2 potions of curing for 60 gold pieces
 23565 | Snake:1  | Bought a potion of curing for 30 gold pieces
 23565 | Snake:1  | Bought a potion of heal wounds for 50 gold pieces
 23565 | Snake:1  | Bought a potion of heal wounds for 50 gold pieces
 25266 | Snake:3  | Reached skill level 23 in Axes
 25584 | Snake:3  | Noticed Dragon00's ghost (journeyman MiBe)
 25588 | Snake:3  | Identified the +5 mace of Fortitude {antimagic, rElec}
 25589 | Snake:3  | Identified the +11 halberd "Didann" {chop, rElec Stlth+}
 25590 | Snake:3  | Found a transporter.
 25591 | Snake:3  | Found a bloodstained altar of Trog.
 25618 | Snake:3  | Found a transporter.
 25619 | Snake:3  | Identified a scroll of acquirement
 25684 | Snake:3  | Identified a +1 pair of boots of running (You acquired it
                  | on level 3 of the Snake Pit)
 26084 | Snake:4  | Entered Level 4 of the Snake Pit
 26088 | Snake:4  | Identified Roxanne's Disquisition on Earth
 26088 | Snake:4  | Noticed Roxanne
 26102 | Snake:4  | Received a gift from Trog
 26179 | Snake:4  | Found Hoges's Food Shop.
 26202 | Snake:4  | Found Tuepriq's Assorted Antiques.
 26202 | Snake:4  | Found Ajyrus's Magic Scroll Shop.
 26514 | Snake:4  | Found Jisi's Weapon Boutique.
 26524 | Snake:4  | Bought a scroll of teleportation for 57 gold pieces
 26524 | Snake:4  | Bought a scroll of teleportation for 57 gold pieces
 26530 | Snake:4  | Bought 2 scrolls of enchant armour for 585 gold pieces
 26530 | Snake:4  | Bought a scroll of magic mapping for 136 gold pieces
 26724 | Snake:4  | Reached XP level 17. HP: 73/163 MP: 16/16
 27775 | Snake:4  | Received a gift from Trog
 27899 | Snake:4  | Killed Roxanne
 28154 | Snake:4  | Reached skill level 24 in Axes
 29360 | Snake:4  | Got a serpentine rune of Zot
 29748 | Vaults:1 | Entered Level 1 of the Vaults
 29802 | Vaults:1 | Noticed Nikola
 29811 | Vaults:1 | Killed Nikola
 29901 | Vaults:1 | Received a gift from Trog
 29985 | Vaults:1 | Identified the +6 hunting sling "Osust" {venom, *Corrode
                  | rN++ MP+9 Dex-5 SInv}
 30034 | Vaults:1 | Reached XP level 18. HP: 166/174 MP: 17/17
 30326 | Vaults:1 | Reached skill level 25 in Axes
 30421 | Vaults:1 | Received a gift from Trog
 30614 | Vaults:1 | Noticed a lich
 30624 | Vaults:1 | Killed a lich
 31156 | Vaults:2 | Found Teirah's Armour Emporium.
 31183 | Vaults:2 | Found Qoidduc's Book Boutique.
 31249 | Vaults:2 | Received a gift from Trog
 31568 | Vaults:2 | Found Kueziuqu's Weapon Boutique.
 31739 | Vaults:2 | Noticed Bai Suzhen
 31761 | Vaults:2 | Killed Bai Suzhen
 32107 | Vaults:2 | Reached skill level 26 in Axes
 32137 | Vaults:2 | Found Xuceri's Food Boutique.
 32311 | Vaults:2 | Received a gift from Trog
 32370 | Vaults:2 | Reached XP level 19. HP: 184/184 MP: 18/18
 32463 | Vaults:2 | Found Gaakhleg's Distillery.
 32471 | Vaults:2 | Bought a potion of heal wounds for 85 gold pieces
 32471 | Vaults:2 | Bought a potion of curing for 51 gold pieces
 32471 | Vaults:2 | Bought a potion of curing for 51 gold pieces
 32856 | Vaults:3 | Found a magical portal.
 32958 | WizLab   | Entered The Roulette of Golubria
 32958 | WizLab   | Found a transporter.
 33179 | Vaults:3 | You fall into a shaft and drop 1 floor!
 33231 | Vaults:4 | Received a gift from Trog
 33977 | Vaults:4 | Reached skill level 27 in Axes
 34011 | Vaults:4 | Paralysed by a great orb of eyes for 5 turns
 34020 | Vaults:4 | Received a gift from Trog
 34435 | Vaults:4 | Reached XP level 20. HP: 132/198 MP: 19/19
 34693 | Vaults:4 | Received a gift from Trog
 35379 | Vaults:3 | Received a gift from Trog
 35447 | Vaults:3 | Reached skill level 1 in Evocations
 35586 | Vaults:3 | Received a gift from Trog
 35785 | Vaults:3 | Found Wilel's Book Boutique.
 36224 | Vaults:3 | Found a staircase to the Crypt.
 36969 | Shoals:1 | Entered Level 1 of the Shoals
 37312 | Shoals:1 | Received a gift from Trog
 37687 | Shoals:2 | Received a gift from Trog
 37700 | Shoals:2 | Noticed Ilsuiw
 37719 | Shoals:2 | Killed Ilsuiw
 37933 | Shoals:2 | Noticed Donald
 37944 | Shoals:2 | Killed Donald
 38480 | Shoals:3 | Reached XP level 21. HP: 197/210 MP: 23/23
 38488 | Shoals:3 | Received a gift from Trog
 38498 | Shoals:3 | Reached skill level 5 in Evocations
 39121 | Shoals:4 | Entered Level 4 of the Shoals
 39859 | Shoals:3 | Found a runed translucent door.
 39859 | Shoals:3 | Noticed Veteran's ghost (journeyman GrFi)
 39976 | Shoals:3 | Killed Veteran's ghost
 40005 | Shoals:3 | Identified the ring "Osaomm" {rF+ AC+2 Int-4 SInv Stlth+}
                  | (You found it on level 3 of the Shoals)
 40331 | Shoals:4 | Received a gift from Trog
 40927 | Shoals:4 | Got a barnacled rune of Zot
 40939 | Shoals:4 | Found a burning altar of Makhleb.
 41210 | Elf:1    | Entered Level 1 of the Elven Halls
 41234 | Elf:1    | Received a gift from Trog
 41954 | Elf:1    | Received a gift from Trog
 42544 | Elf:2    | Received a gift from Trog
 42704 | Elf:2    | Found a huge runed translucent gate.
 42704 | Elf:2    | Found a huge runed translucent gate.
 42704 | Elf:2    | Found a huge runed translucent gate.
 42704 | Elf:2    | Found a huge runed translucent gate.
 42704 | Elf:2    | Found a huge runed translucent gate.
 42780 | Elf:2    | Reached XP level 22. HP: 209/224 MP: 26/26
 43156 | Elf:3    | Entered Level 3 of the Elven Halls
 43647 | Elf:3    | Received a gift from Trog
 44333 | Elf:3    | Gained mutation: You are frail. (-10% HP) [a cacodemon]
 44363 | Elf:3    | Identified the ring "Tycud" {rF+ rC- AC+3 Int+4}
 44742 | Elf:3    | Identified the cursed +1 leather armour of Protective
                  | Custody {Dex+2}
 44748 | Elf:3    | Cast into level 2 of the Abyss (a deep elf sorcerer)
 44791 | Abyss:2  | Found a corrupted altar of Lugonu.
 44832 | Abyss:2  | Lost mutation: You are frail. (-10% HP) [potion of
                  | mutation]
 44832 | Abyss:2  | Gained mutation: Your muscles are strong. (Str +2) [potion
                  | of mutation]
 44832 | Abyss:2  | Gained mutation: You are partially covered in yellow
                  | scales. (AC +2) [potion of mutation]
 44931 | Abyss:2  | Received a gift from Trog
 45169 | Elf:3    | Escaped the Abyss
 45539 | Elf:3    | Identified the ring of the Queen {Wiz MP+9 Int+3 Dex+2
                  | Slay+3}
 45606 | Elf:3    | Identified the Incunabulum of Ghastly Poisoning
 46023 | Vaults:5 | Entered Level 5 of the Vaults
 46357 | Vaults:5 | Received a gift from Trog
 46554 | Vaults:5 | Reached skill level 10 in Evocations
 46747 | Vaults:5 | Reached XP level 23. HP: 236/236 MP: 29/29
 46901 | Vaults:5 | Received a gift from Trog
 46964 | Vaults:5 | Shot with a bolt by a yaktaur captain

Levels and vault maps discovered:
D:1:      dpeg_arrival_snail, layout_rooms
D:2:      layout_loops_ring, minmay_misc_feat_roman, uniq_terence
D:3:      layout_basic, uniq_grinder
D:4:      layout_gridville, minmay_temple_entry_arrows,
          minmay_misc_feat_more_columns, minmay_close_crescents
D:5:      layout_loops_cross, lemuel_blue_sif_altar, first_ration,
          minmay_manual_mess, uniq_eustachio, uniq_pikel
D:6:      layout_rooms, gammafunk_temple_overflow_pools, uniq_edmund
D:7:      layout_rooms, nemelex_altar_shiori, serial_shops,
          nicolae_shop_statue_plus, nicolae_ossuary_entry_giza,
          minmay_misc_feat_columns, nicolae_ru_awakened_eye
D:8:      layout_cave_pools, enter_bailey_6, uniq_prince_ribbit1
D:9:      layout_loops_ring, lair_entry_dummy, special_room [special_room_orc],
          hangedman_pestilent_swarm, st_stairs_11, uniq_psyche, uniq_maurice,
          uniq_erolcha
D:10:     layout_rooms, orc_0_dummy, bh_walls_and_bars
D:11:     minmay_sliced_demisemicircle, layout_long_grid
D:12:     layout_stronghold
D:13:     layout_stronghold, skrybe_vaults_entry_preservation,
          chequers_serial_rivers_micro_c
D:14:     layout_stronghold, serial_park_square3 [serial_park_minivault_5x5_1],
          serial_shops, nicolae_shop_stone, fedhas_altar_4, uniq_josephine,
          uniq_kirke, uniq_frances
D:15:     hangedman_depths_entry_try_elsewhere_first, layout_rooms, basic_altar,
          nicolae_twisting_strands, dispersion_dpeg
Temple:   dpeg_five_rooms_temple
Lair:1:   layout_loops_ring
Lair:2:   layout_regular_city, portal_ice_cave_entry_pillars_2, ldierk_geyser,
          serial_bayou_shore_a, infiniplex_staircase_pool, uniq_erica
Lair:3:   layout_cave_pods, guppyfry_snake_entry_island, special_room
          [special_room_bee], nicolae_quartered_pool_medium, st_stairs_4
Lair:4:   layout_gridlike, minmay_shoals_entry_lonely_mermaid, serial_forest,
          infiniplex_forest_clump_small, infiniplex_forest_lined_3,
          infiniplex_forest_clump_curved, infiniplex_forest_end_3,
          infiniplex_forest_lined_room_2
Lair:5:   layout_cave_pods, slime_altar_1, gammafunk_ghost_hive
Lair:6:   cheibrodos_lair_end_hotspot, layout_layer_cave,
          nicolae_volcano_entry_hallway
Shoals:1: layout_shoals
Shoals:2: layout_shoals, uniq_donald, uniq_ilsuiw
Shoals:3: layout_shoals, gammafunk_ghost_grave
Shoals:4: shoals_end_grunt_garden, layout_shoals, lemuel_centaur_altar
Snake:1:  layout_misc_corridors, serial_shops, shop, shop, uniq_aizul,
          uniq_asterion
Snake:2:  layout_layer_cave
Snake:3:  layout_onion, gammafunk_ghost_wrathful_warriors, grunt_megastairs_3
Snake:4:  johnstein_snake_rune_scales, layout_cave_town, minmay_shoptagon,
          uniq_roxanne
Orc:1:    layout_caves, uniq_harold, uniq_nergalle
Orc:2:    grunt_orc_tribal_feast, layout_diamond_mine, serial_shops, shop
Elf:1:    eino_elf_arrival_the_gate, layout_gridlike, minmay_elf_sorcery
Elf:2:    layout_geoelf_octagon, grunt_ministairs_10, minmay_misc_feat_ornament,
          small_statue_intersection
Elf:3:    minmay_elf_hall_golems, layout_geoelf_diagonals, billiards_dpeg
Vaults:1: vaults_room_fours, grunt_vaults_diagonal, dpeg_vaults_waves,
          ontoclasm_vaults_pinch, nicolae_vaults_rhombus_6, vaults_room_fours,
          hangedman_vaults_locks, v_misc_11, v_alt_pattern_4,
          vaults_mumra_chevron, nicolae_vaults_ninety_degrees,
          ontoclasm_vaults_decontamination, grunt_vaults_swirl,
          vaults_room_stairs_pillars, layout_vaults_maze, uniq_nikola
Vaults:2: st_spiral_rooms, ontoclasm_vaults_ring_small, vaults_dpeg_ring,
          ontoclasm_vaults_ring_square, hangedman_vaults_corner,
          v_alt_pattern_1, vaults_room_pool, v_misc_5, v_misc_15,
          layout_vaults_omnigrid, serial_shops, shop,
          nicolae_shop_temple_entry_statues_fountains, shop_fountains, shop,
          nicolae_shop_crystal, uniq_bai_suzhen
Vaults:3: minmay_crypt_entry_skeletal_spiral, nicolae_vaults_network_quinsquares
          [nicolae_vaults_network_quincunx_subvault,
          nicolae_vaults_network_quincunx_subvault,
          nicolae_vaults_network_quincunx_subvault,
          nicolae_vaults_network_quincunx_subvault], v_misc_19,
          ontoclasm_vaults_ring_large, ontoclasm_vaults_tryst,
          nicolae_vaults_windows_and_doors_thing, hangedman_vaults_nails,
          hangedman_vaults_pinch, ontoclasm_vaults_loading_screen,
          v_alt_pattern_1, nicolae_vaults_network_quincunx
          [nicolae_vaults_network_quincunx_subvault,
          nicolae_vaults_network_quincunx_subvault,
          nicolae_vaults_network_quincunx_subvault,
          nicolae_vaults_network_quincunx_subvault,
          nicolae_vaults_network_quincunx_subvault], vaults_room_hallway,
          v_misc_16, v_alt_pattern_4, nicolae_vaults_hallways_thing,
          vaults_dpeg_hooks, nicolae_vaults_little_squares_5,
          layout_vaults_omnibox, mu_enter_wizlab_5, serial_shops, shop_statue,
          portal_desolation_entry_nicolae_slug
Vaults:4: ontoclasm_vaults_eye, hangedman_vaults_unwind, st_greater_box_1,
          v_alt_pattern_1, nicolae_vaults_network_barrier,
          nicolae_vaults_asterisk, v_misc_16, v_misc_4, vaults_room_pools,
          grunt_vaults_hallway_long, v_misc_30, layout_vaults_omnicross
Vaults:5

Skill      XL: |  1  2  3  4  5  6  7  8  9 10 11 12 13 14 15 16 17 18 19 20 21 22 |
---------------+-------------------------------------------------------------------+-----
Axes           | 4 5 6 7 8 10 12 14 15 17 19 20 22 23 24 26 27 | 27.0
Fighting       | 4 5 6 8 9 10 12 13 14 15 16 17 18 19 21 22 24 25 | 25.9
Armour         | 3 4 5 6 7 9 10 11 13 14 15 16 17 18 19 20 21 22 23 | 23.5
Evocations     | 4 7 10 | 10.1
Dodging        | |  2.1

Action                   |  1- 3 |  4- 6 |  7- 9 | 10-12 | 13-15 | 16-18 | 19-21 | 22-24 || total
-------------------------+-------+-------+-------+-------+-------+-------+-------+-------++-------
Melee: Hand axe          |    65 |   101 |    70 |       |       |       |       |       ||   236
       Headbutt          |     8 |    25 |    87 |   112 |   145 |   222 |   323 |    99 ||  1021
       War axe           |       |       |   294 |   245 |       |       |       |       ||   539
       Battleaxe         |       |       |       |   329 |   119 |       |       |       ||   448
       Executioner's axe |       |       |       |       |   648 |   849 |  1310 |   349 ||  3156
Throw: Dart              |       |       |       |     5 |       |       |       |       ||     5
Invok: Berserk           |     1 |     1 |     4 |     7 |    17 |     4 |     2 |     2 ||    38
       Brothers in Arms  |       |       |       |       |     1 |     2 |     5 |     5 ||    13
Evoke: Wand              |       |       |       |       |     1 |       |       |       ||     1
  Use: Scroll            |       |     3 |    14 |     2 |    19 |     6 |     7 |     9 ||    60
       Potion            |       |       |       |     2 |     2 |       |     4 |     4 ||    12
 Stab: Distracted        |       |       |       |       |     1 |       |       |       ||     1
  Eat: Chunk             |       |     5 |    17 |    26 |    50 |    14 |    33 |     3 ||   148
       Ration            |       |       |       |       |     2 |     6 |     1 |     4 ||    13
Armor: Ring mail         |    32 |    39 |       |       |       |       |       |       ||    71
       Chain mail        |       |     4 |   140 |   106 |   409 |   273 |   381 |   154 ||  1467
       Plate armour      |       |       |       |   182 |       |       |       |       ||   182
Dodge: Dodged            |    36 |    62 |   196 |   369 |   576 |   492 |   876 |   240 ||  2847

Table legend:
 A = Non-vault XP
 B = Vault XP
 C = Vault XP percentage of total XP
 D = Non-vault monster count
 E = Vault monster count
 F = Vault count percentage of total count
                 A         B        C        D         E       F
            +---------+---------+-------+---------+---------+-------
      Total |  479585 |  369473 |  43.5 |    1264 |     657 |  34.2
            +---------+---------+-------+---------+---------+-------
        D:1 |      49 |       0 |   0.0 |      28 |       0 |   0.0
        D:2 |     193 |      36 |  15.7 |      28 |       1 |   3.4
        D:3 |     104 |     254 |  70.9 |      24 |       1 |   4.0
        D:4 |     716 |     177 |  19.8 |      39 |       3 |   7.1
        D:5 |     294 |     888 |  75.1 |      12 |       4 |  25.0
        D:6 |     981 |     158 |  13.9 |      17 |       1 |   5.6
        D:7 |     498 |      20 |   3.9 |      13 |       3 |  18.8
        D:8 |     690 |     277 |  28.6 |      16 |       1 |   5.9
        D:9 |    1438 |    3540 |  71.1 |      22 |      30 |  57.7
       D:10 |    5247 |       0 |   0.0 |      34 |       0 |   0.0
       D:11 |    5674 |    6509 |  53.4 |      23 |       8 |  25.8
       D:12 |    4000 |       0 |   0.0 |      30 |       0 |   0.0
       D:13 |    2368 |    3142 |  57.0 |      19 |       9 |  32.1
       D:14 |   10667 |    8706 |  44.9 |      43 |      18 |  29.5
       D:15 |   15865 |    8996 |  36.2 |      41 |       8 |  16.3
     Lair:1 |    2073 |       0 |   0.0 |       7 |       0 |   0.0
     Lair:2 |    1838 |     902 |  32.9 |       9 |       1 |  10.0
     Lair:3 |    3179 |    2508 |  44.1 |      13 |      29 |  69.0
     Lair:4 |    7791 |     442 |   5.4 |      26 |       1 |   3.7
     Lair:5 |    2445 |       0 |   0.0 |      11 |       0 |   0.0
     Lair:6 |    6470 |    9021 |  58.2 |      23 |      27 |  54.0
   Shoals:1 |   16015 |       0 |   0.0 |      31 |       0 |   0.0
   Shoals:2 |   19013 |    5678 |  23.0 |      41 |       5 |  10.9
   Shoals:3 |   19828 |    1487 |   7.0 |      45 |       1 |   2.2
   Shoals:4 |   14949 |   21198 |  58.6 |      27 |      39 |  59.1
    Snake:1 |    5050 |    3848 |  43.2 |      10 |       2 |  16.7
    Snake:2 |   10438 |       0 |   0.0 |      16 |       0 |   0.0
    Snake:3 |   17489 |    3409 |  16.3 |      32 |       6 |  15.8
    Snake:4 |   36950 |   40210 |  52.1 |      73 |      61 |  45.5
      Orc:1 |    3352 |    1834 |  35.4 |      36 |       2 |   5.3
      Orc:2 |    9481 |    7523 |  44.2 |      62 |      29 |  31.9
      Elf:1 |   28704 |   10328 |  26.5 |      45 |      17 |  27.4
      Elf:2 |   29006 |    2853 |   9.0 |      46 |       4 |   8.0
      Elf:3 |   10604 |   48514 |  82.1 |      20 |      37 |  64.9
   Vaults:1 |   32208 |   19044 |  37.2 |      63 |      29 |  31.5
   Vaults:2 |   40142 |   17929 |  30.9 |      62 |      21 |  25.3
   Vaults:3 |   34850 |   25776 |  42.5 |      58 |      47 |  44.8
   Vaults:4 |   49702 |   54907 |  52.5 |      70 |      56 |  44.4
   Vaults:5 |   10599 |   44341 |  80.7 |      13 |      42 |  76.4
    Abyss:2 |   18625 |       0 |   0.0 |      36 |       0 |   0.0
    Ossuary |       0 |     605 | 100.0 |       0 |      31 | 100.0
     Bailey |       0 |    1199 | 100.0 |       0 |      30 | 100.0
      IceCv |       0 |   13214 | 100.0 |       0 |      53 | 100.0
            +---------+---------+-------+---------+---------+-------
